 Dungeon Crawl Stone Soup version 0.17.1-3-g152610e (webtiles) character file.

67 Clownie the Ducker (level 4, -1/34 HPs)
             Began as a Merfolk Enchanter on Mar 13, 2016.
             Was an Initiate of Makhleb.
             Killed from afar by an orc wizard (4 damage)
             ... with a magic dart
             ... on level 2 of the Dungeon.
             The game lasted 00:03:02 (2763 turns).

Clownie the Ducker (Merfolk Enchanter)              Turns: 2763, Time: 00:03:02

Health: -1/34      AC:  4    Str:  8    XL:     4   Next: 16%
Magic:  1/7        EV: 14    Int: 14    God:    Makhleb [......]
Gold:   92         SH:  0    Dex: 15    Spells: 1 memorised, 6 levels left

rFire  . . .     SeeInvis .     a - +1 dagger
rCold  . . .     Clarity  .     b - +1 robe
rNeg   . . .     SustAt   .     (no shield)
rPois  .         Gourm    .     (no helmet)
rElec  .         Spirit   .     i - +0 cloak
rCorr  .         Warding  .     (no gloves)
rMut   .         Stasis   .     (no boots)
MR     .....                    (no amulet)
Stlth  +++.......               (no ring)
                                k - ring of stealth

@: lethally poisoned (-1 -> -4), very slightly contaminated, not resistant to
hostile enchantments, fairly stealthy
A: change form in water, swift swim
a: Renounce Religion


You were on level 2 of the Dungeon.
You worshipped Makhleb.
Makhleb was noncommittal.
You were not hungry.

You visited 1 branch of the dungeon, and saw 3 of its levels.

You collected 92 gold pieces.

Inventory:

Hand Weapons
 a - a +1 dagger (weapon)
 n - a -3 spear
Armour
 b - a +1 robe (worn)
 i - a +0 cloak (worn)
Jewellery
 k - a ring of stealth (left hand)
Scrolls
 e - a scroll of amnesia {unknown}
 f - a scroll of immolation {unknown}
 g - 3 scrolls of identify
 h - a scroll of remove curse
 j - a scroll of enchant weapon {unknown}
 m - a scroll of teleportation {unknown}
Books
 c - a book of Maledictions

   Spells                             Type                      Level
   a - Corona                         Hexes                        1
   b - Ensorcelled Hibernation        Hexes/Ice                    2
   c - Confuse                        Hexes                        3
   d - Tukima's Dance                 Hexes                        3
   e - Dazzling Spray                 Conjuration/Hexes            3
Comestibles
 d - a bread ration
 o - 6 chunks of flesh


   Skills:
 * Level 2.9 Fighting
 - Level 1.2 Short Blades
 + Level 4.2 Dodging
 - Level 3.2 Stealth
 - Level 2.0 Spellcasting
 - Level 3.0 Hexes


You had 6 spell levels left.
You knew the following spells:

 Your Spells              Type           Power        Failure   Level  Hunger
a - Corona                Hex            #......      10%         1    ##.....


Dungeon Overview and Level Annotations

Branches:
Dungeon (3/15)

Altars:
Gozag
Makhleb
Nemelex Xobeh
Sif Muna


Message History

You feel sick. The orc wizard casts a spell at you. The magic dart hits you!
* * * LOW HITPOINT WARNING * * *
You hit the orc wizard.
The orc wizard is heavily wounded.
The orc wizard closely misses you.
You hit the orc wizard.
The orc wizard is heavily wounded.
* * * LOW HITPOINT WARNING * * *
You feel sick.
The orc wizard hits you but does no damage.
You hit the orc wizard.
The orc wizard is severely wounded.
The orc wizard barely misses you.
You closely miss the orc wizard.
The orc wizard is severely wounded.
The orc wizard casts a spell at you. The magic dart hits you!
You die...

#.........##..#..#..#...#.##.#.
#########.###....#....#.#.##...
####.....#.##.......#..#.#.##...
#....###.#.##.....##...#.#.##...
#....#...#.#...#..#..#.....##...
#....#.###.##.###...###..####...
#....#<....##..#..#..#..........
####.#...#####o.[...............
#.#.........@................
#.##########)###############.
#.........##.#...........###.
########.###.......[.........
#.# #.#...........###.
###.###.#...........##..
#3#_#4###...........##..
##############.'...........##..
#........#2# #.#...........##..


You could see an orc wizard.

Vanquished Creatures
  2 adders (D:2)
  A worm (D:2)
  A giant gecko (D:2)
  4 orcs (D:2)
  3 giant cockroaches
  7 goblins
  2 hobgoblins (D:1)
  2 jackals (D:2)
  6 kobolds
  A ball python (D:1)
  6 bats
  2 giant newts
  7 rats
44 creatures vanquished.

Notes
Turn   | Place    | Note
--------------------------------------------------------------
     0 | D:1      | Clownie the Merfolk Enchanter began the quest for the Orb.
     0 | D:1      | Reached XP level 1. HP: 13/13 MP: 3/3
   365 | D:1      | Reached skill level 1 in Fighting
   393 | D:1      | Reached XP level 2. HP: 11/21 MP: 5/5
  1200 | D:2      | Reached XP level 3. HP: 13/27 MP: 6/6
  1718 | D:2      | Reached skill level 4 in Dodging
  1791 | D:2      | HP: 1/28 [poisoned by an adder]
  2195 | D:2      | Found a burning altar of Makhleb.
  2195 | D:2      | Noticed a blizzard demon
  2267 | D:2      | Noticed a ynoxinul
  2267 | D:2      | Noticed a hellwing
  2269 | D:2      | Became a worshipper of Makhleb the Destroyer
  2421 | D:2      | Found a sparkling altar of Nemelex Xobeh.
  2422 | D:2      | Found a deep blue altar of Sif Muna.
  2424 | D:2      | Found an opulent altar of Gozag.
  2426 | D:2      | Reached XP level 4. HP: 34/34 MP: 7/7
  2763 | D:2      | Killed from afar by an orc wizard

Action                   |  1- 3 |  4- 6 || total
-------------------------+-------+-------++-------
Melee: Dagger            |   144 |    41 ||   185
 Cast: Corona            |     4 |     7 ||    11
  Use: Scroll            |     4 |       ||     4
       Potion            |       |     1 ||     1
 Stab: Sleeping          |     9 |       ||     9
       Distracted        |     2 |       ||     2
  Eat: Chunk             |     2 |       ||     2
       Bread ration      |     1 |       ||     1
